Map: [ESL] Oceanborn

Players

MaSa

  • Race: Terran Terran
  • Spawn Location: 11:00

eGGz - Winner!

  • Race: Zerg Zerg
  • Spawn Location: 5:00

Event: ESL SC2 Masters 2023 Winter (Regional)

VOD

Have the link to the VOD?

Description

Time

  • Played on: Nov. 6, 2023, 7:09 p.m.
  • Length: 4:48

All games in this series

Show
View Real Time Build Order
Export as new Build Order

MaSa Terran 

Build Orders:  

Get SALT Encoding   

  12  0:00  SCV  
  13  0:12  SCV  
  14  0:18  Supply Depot  
  14  0:24  SCV  
  15  0:40  Barracks, SCV  
  16  0:43  Refinery  
  16  0:52  SCV  
  17  0:59  Barracks  
  17  1:04  SCV  
  18  1:16  SCV  
  19  1:27  Reaper  
  19  1:28  Orbital Command  
  20  1:33  Supply Depot  
  20  1:45  Reaper  
  21  1:54  SCV  
  22  2:02  Reaper  
  23  2:08  Command Center  
  23  2:11  SCV  
  23  2:14  Refinery  
  24  2:24  Reaper  
  24  2:25  SCV  
  26  2:36  Marine  
  26  2:43  SCV  
  27  2:51  Bunker  
  27  2:53  Factory  
  27  2:54  Marine  
  27  2:55  SCV  
  27  2:56  Marine  
  30  3:07  SCV  
  31  3:19  Command Center  
  31  3:20  Marine  
  32  3:29  Orbital Command  
  32  3:32  Barracks Reactor  
  32  3:34  SCV  
  33  3:39  Barracks Tech Lab  
  33  3:44  Starport  
  33  3:47  Factory Reactor  
  33  3:49  SCV  
  34  4:00  SCV  
  34  4:02  Barracks, Marine  
  36  4:09  Marine  
  37  4:11  SCV  
  37  4:27  Marine  
Show
View Real Time Build Order
Export as new Build Order

eGGz Zerg - Winner!

Build Orders: Pool First 

Get SALT Encoding   

  12  0:00  Drone  
  13  0:13  Extractor  
  12  0:24  Spawning Pool  
  11  0:29  Drone  
  11  0:34  Drone  
  13  0:38  Drone  
  14  0:50  Overlord  
  14  1:12  Zergling x4, Metabolic Boost  
  14  1:14  Zergling x2  
  17  1:26  Zergling x2  
  17  1:28  Queen  
  20  1:35  Zergling x2  
  21  1:55  Hatchery  
  20  2:05  Zergling x4  
  22  2:19  Overlord  
  22  2:24  Roach Warren  
  21  2:36  Drone  
  22  3:03  Roach x4  
  30  3:09  Zergling x2  
  31  3:14  Zergling x2  
  32  3:24  Zergling x4  
  35  3:27  Zergling x2  
  35  3:38  Overlord  
  35  3:51  Ravager  
  36  3:57  Ravager  
  36  4:01  Zergling x6  
  39  4:07  Zergling x2  
  39  4:18  Zergling x2  
  39  4:19  Zergling x4  
  39  4:27  Zergling x2  
  39  4:29  Zergling x2  
Tags
 
Add a new tag
Caveats
  • Supply blocks, unpowered buildings, or Contaminate may cause inaccurate times.
  • Supply counts are checked every 10 seconds.